 Dungeon Crawl Stone Soup version 0.30-a0-476-g330ca2eb8e (webtiles) character file.

Game seed: 7238759047506440639

105835 bmack86 the Severer (level 15, -3/144 HPs)
             Began as a Minotaur Fighter on Dec 22, 2022.
             Was an Elder of Okawaru.
             Splashed by a goliath frog's acid (7 damage)
             ... called by a spriggan druid
             ... on level 1 of the Swamp.
             The game lasted 01:34:26 (20134 turns).

bmack86 the Severer (Minotaur Fighter)             Turns: 20134, Time: 01:34:26

Health: -3/144     AC: 28    Str: 24    XL:     15   Next: 95%
Magic:  16/17      EV:  4    Int: 10    God:    Okawaru [****..]
Gold:   2413       SH: 33    Dex: 12    Spells: 14/14 levels left

rFire   . . .      SeeInvis .    H - +3 broad axe
rCold   . . .      Faith    .    s - +18 shield of the Gong {rElec rN+ Will+ EV-5}
rNeg    + . .      Spirit   .    c - +0 plate armour {Will+}
rPois   .          Reflect  .    Q - +2 hat {Int+3}
rElec   +          Harm     .    q - +1 cloak
rCorr   .          Rampage  .    w - +2 pair of gloves
Will    ++++.                    K - +2 pair of boots
Stlth   ..........               P - amulet of Vitality {RegenMP++ Regen++}
HPRegen 2.04/turn                l - +4 ring of protection
MPRegen 0.95/turn                U - ring of willpower

@: heroic, corroded
A: horns 2, retaliatory headbutt, low MP 1
a: Renounce Religion, Heroism, Finesse


You were on level 1 of the Swamp.
You worshipped Okawaru.
Okawaru was greatly pleased with you.
You visited 5 branches of the dungeon, and saw 24 of its levels.

You collected 2763 gold pieces.
You spent 350 gold pieces at shops.

Inventory:

Hand Weapons
 H - a +3 broad axe (weapon)
 M - a +0 long sword
Missiles
 k - 2 silver boomerangs
 B - 2 silver javelins (quivered)
 G - 20 javelins
 W - 3 throwing nets
Armour
 c - a +0 plate armour of willpower (worn)
 q - a +1 cloak (worn)
 s - the +18 shield of the Gong (worn) {rElec rN+ Will+ EV-5}
   (You acquired it on level 13 of the Dungeon)

   It is deafeningly noisy when blocking attacks.
   EV:        It affects your evasion (-5).
   rElec:     It insulates you from electricity.
   rN:        It protects you from negative energy.
   Will:      It increases your willpower.
 w - a +2 pair of gloves (worn)
 F - a +0 tower shield
 J - the +0 hat of Alegofest {Regen+ MP+9 Dex-2}
   (Okawaru gifted it to you on level 3 of the Lair of Beasts)

   Dex:       It affects your dexterity (-2).
   MP:        It affects your magic capacity (+9).
   Regen:     It increases your rate of health regeneration.
 K - a +2 pair of boots (worn)
 Q - a +2 hat of intelligence (worn)
Jewellery
 a - a ring of positive energy
 e - a ring of wizardry
 l - a +4 ring of protection (left hand)
 o - the amulet of Elemental Vulnerability {rPois rF-- rC-- AC+8}
   (You found it on level 2 of the Dungeon)

   [amulet of nothing]

   AC:        It affects your AC (+8).
   rF:        It makes you very vulnerable to fire.
   rC:        It makes you very vulnerable to cold.
   rPois:     It protects you from poison.
 p - a +4 ring of evasion
 D - an amulet of guardian spirit
 O - a +6 ring of intelligence
 P - the amulet of Vitality (around neck) {RegenMP++ Regen++}
   (You found it on level 1 of the Lair of Beasts)

   [amulet of magic regeneration]

   It increases your rate of magic regeneration.
   Regen:     It increases your rate of health regeneration.
 U - a ring of willpower (right hand)
 Y - a ring of protection from cold
Wands
 y - a wand of flame (49)
 E - a wand of iceblast (29)
 L - a wand of polymorph (11)
 T - a wand of digging (5)
Scrolls
 m - 5 scrolls of teleportation
 t - a scroll of amnesia
 u - 3 scrolls of magic mapping
 x - 4 scrolls of fear
 C - 2 scrolls of fog
 N - 3 scrolls of blinking
 R - a scroll of identify
Potions
 b - 2 potions of ambrosia
 d - 5 potions of might
 f - 3 potions of haste
 g - 2 potions of mutation
 h - 5 potions of curing
 i - 7 potions of resistance
 j - 9 potions of attraction
 n - a potion of berserk rage
 r - 3 potions of brilliance
 v - a potion of flight
 z - 2 potions of lignification
 A - 6 potions of heal wounds
 I - a potion of cancellation
 S - a potion of invisibility


   Skills:
 + Level 16.3(21.3) Fighting
 + Level 18.0(23.0) Axes
 - Level 5.0(10.0) Throwing
 + Level 16.3(21.3) Armour
 + Level 16.2(21.2) Shields
 + Level 8.0 Invocations


You had 14 spell levels left.
You didn't know any spells.
Your spell library contained the following spells:

 Spells                   Type           Power      Damage    Failure   Level
 Foxfire                  Conj/Fire      0%         2x1d4     94%         1
 Magic Dart               Conj           0%         1d3       94%         1
 Slow                     Hex            0%         N/A       94%         1
 Cigotuvi's Dreadful Rot  Necr/Pois/Air  0%         N/A       98%         2
 Confusing Touch          Hex            0%         N/A       100%        3
 Frozen Ramparts          Ice            0%         1d1       100%        3
 Gell's Gravitas          Tloc           0%         N/A       100%        3
 Hailstorm                Conj/Ice       0%         3d3       100%        3
 Inner Flame              Hex/Fire       0%         N/A       100%        3
 Lesser Beckoning         Tloc           0%         N/A       100%        3
 Mephitic Cloud           Conj/Pois/Air  0%         N/A       100%        3
 Ozocubu's Armour         Ice            0%         N/A       100%        3
 Teleport Other           Tloc           0%         N/A       100%        3
 Vampiric Draining        Necr           0%         2d6       100%        3
 Anguish                  Hex/Necr       0%         N/A       100%        4
 Cause Fear               Hex            0%         N/A       100%        4
 Dispel Undead            Necr           0%         3d6       100%        4
 Flame Wave               Conj/Fire      0%         2d4       100%        4
 Ice Form                 Ice/Tmut       0%         N/A       100%        4
 Passage of Golubria      Tloc           0%         N/A       100%        4
 Borgnjor's Vile Clutch   Necr/Erth      0%         N/A       100%        5
 Fireball                 Conj/Fire      0%         3d3       100%        5
 Starburst                Conj/Fire      0%         6d3       100%        6
 Enfeeble                 Hex            0%         N/A       100%        7
 Ozocubu's Refrigeration  Ice            0%         4d7       100%        7
 Storm Form               Tmut/Air       0%         N/A       100%        7
 Discord                  Hex            0%         N/A       100%        8
 Maxwell's Capacitive Co  Air            0%         ∞         100%        8
 Call Imp                 Summ           Unusable   N/A       N/A         2
 Animate Dead             Necr           Unusable   N/A       N/A         4
 Summon Ice Beast         Ice/Summ       Unusable   N/A       N/A         4
 Summon Lightning Spire   Summ/Air       Unusable   N/A       N/A         4
 Death Channel            Necr           Unusable   N/A       N/A         6
 Simulacrum               Ice/Necr       Unusable   N/A       N/A         6

Dungeon Overview and Level Annotations

Branches:
Dungeon (15/15)            Temple (1/1) D:5            Lair (5/5) D:8
  Swamp (1/4) Lair:3       Spider (0/4) Lair:3        Slime (0/5) Lair:4
    Orc (2/2) D:10            Elf (0/3) Orc:2        Vaults (0/5) D:13
 Depths (0/4) D:15

Altars:
Dithmenos
Kikubaaqudgha
Makhleb
Okawaru
Qazlal
Uskayaw
Vehumet
Wu Jian
Xom
Yredelemnul
The Shining One
Jiyva
Lugonu

Shops:
D:2 (   D:10 :   D:12 (   D:14 (   Orc:2 =([*

Portals:
Abyss: Lair:5


Innate Abilities, Weirdness & Mutations

You have a pair of horns on your head.
You reflexively headbutt those who attack you in melee.
Your magical capacity is low. (-10% MP)


Message History

You are splashed with acid!
* * * LOW HITPOINT WARNING * * *
The tyrant leech bites you!
* * * LOW HITPOINT WARNING * * *
You hit the swamp dragon. Your headbutt misses the swamp dragon.
The swamp dragon is heavily wounded.
You miss the tyrant leech. You slash the tyrant leech!
You block the goliath frog's attack.
GONNNNG!
You block the swamp dragon's attack.
SHROANNG!
The swamp dragon claws you but does no damage.
You block the swamp dragon's attack.
GONNNNG!
You block the tyrant leech's attack.
PANG!
You hear a shout!
You hear a roar!
You feel much better. You block the goliath frog's attack.
SHROANNG!
You block the swamp dragon's attack.
GONNNNG!
The swamp dragon claws you. You block the swamp dragon's attack.
GONNNNG!
The tyrant leech bites you but does no damage.
The tyrant leech bites you!
* * * LOW HITPOINT WARNING * * *
The goliath frog hits you from afar!
* * * LOW HITPOINT WARNING * * *
The acid corrodes you!
You are splashed with acid!
* * * LOW HITPOINT WARNING * * *
You gain the combat prowess of a mighty hero.
You block the swamp dragon's attack.
PTOANNNG!
You block the swamp dragon's attack.
GONNNNG!
You block the swamp dragon's attack.
SHROANNG!
The goliath frog hits you from afar!!
* * * LOW HITPOINT WARNING * * *
You are splashed with acid!
You die...

.~§~.~..~
♣.~~~~~~~~~~~.
♣..~~§~~~~~~~
♣...~~§§~~~~
♣♣♣♣....~~~~~~
♣~.<§§~§.....
♣..§†~~§§~F♣♣
♣♣.~)†~~§)w~♣
♣~.§†§~~~D@♣
♣♣~..~...w♣♣
♣♣...♣♣♣♣♣
♣♣.~♣ ♣♣♣♣


You could see a swamp dragon, 2 tyrant leeches and a goliath frog (strong).

Vanquished Creatures
  Saint Roka (Orc:2)
  Jorgrun (Orc:2)
  Frances (D:13)
  A stone giant (D:15)
  8 vault guards (D:13)
  2 rakshasas
  An ogre mage (D:15)
  A ghost crab (Swamp:1)
  9 hydras
  The ghost of drugrobin the Fighter, a novice DgAr (Lair:1)
  Harold (D:11)
  2 boulder beetles
  A catoblepas (D:13)
  6 centaur warriors
  7 two-headed ogres
  The ghost of Iich the Cleaver, a novice MiFi of Gozag (D:9)
  3 tengu warriors (D:15)
  4 thrashing horrors (Lair:5)
  Urug (Orc:2)
  An orc high priest (Orc:2)
  A spriggan druid (Swamp:1)
  3 skeletal warriors (D:15)
  A necromancer (D:15)
  A wizard (D:15)
  Pikel (D:6)
  2 deep elf pyromancers
  2 orc knights (Orc:2)
  A large abomination (Lair:5)
  A will-o-the-wisp (Swamp:1)
  7 orc sorcerers
  7 manticores
  9 ugly things (D:15)
  17 elephants
  2 cyclopes
  Maurice (Orc:2)
  A smoke demon (Lair:5)
  4 black mambas
  A torpor snail (Lair:5)
  Psyche (D:11)
  10 cane toads
  3 unseen horrors
  2 gargoyles
  9 komodo dragons
  8 rime drakes
  A kobold demonologist (D:11)
  A tengu conjurer (D:15)
  A polar bear (Lair:2)
  8 trolls
  3 ancient zymes (Lair:5)
  A meliai (D:9)
  A slime creature (Lair:4)
  A dream sheep (shapeshifter) (D:15)
  Prince Ribbit (D:8)
  9 dream sheep (Lair:5)
  27 blink frogs
  A jumping spider (Lair:3)
  2 spriggans (Lair:5)
  2 ynoxinuls (Lair:5)
  4 shadows
  14 wyverns
  49 yaks
  2 wraiths (D:10)
  8 basilisks
  2 fire elementals (D:15)
  4 chaos spawn (Lair:5)
  Eustachio (D:6)
  Grum (D:9)
  A steam dragon (shapeshifter) (D:15)
  A redback (Lair:3)
  4 steam dragons
  9 vampire mosquitoes
  A warg (Orc:2)
  18 water moccasins
  2 acid dragons
  A hell hound (D:14)
  A sky beast (D:5)
  23 orc warriors
  5 black bears
  An ice beast (D:5)
  26 wolves
  9 ogres
  6 centaurs
  A lemure (D:6)
  7 kobold brigands
  3 necrophages
  9 bullfrogs
  3 gnoll sergeants
  3 scorpions (D:5)
  8 wights
  13 killer bees (D:9)
  An electric eel (Lair:4)
  6 howler monkeys
  9 small abominations (Lair:5)
  A lava snake (D:15)
  2 hounds
  6 jellies
  11 orc priests
  A gnoll bouda (D:5)
  8 iguanas
  22 orc wizards
  7 hell rats (D:14)
  14 gnolls
  8 adders
  5 shadow imps
  A white imp (D:7)
  An ufetubus (D:5)
  A worm (D:5)
  5 dart slugs
  75 orcs
  6 ball pythons
  6 bats
  5 endoplasms
  4 giant cockroaches
  7 hobgoblins
  4 quokkas
  2 frilled lizards
  5 goblins
  12 kobolds
  3 rats
685 creatures vanquished.

Vanquished Creatures (others)
  A two-headed ogre (D:15)
  A skeletal warrior (D:15)
  A goliath frog (Swamp:1)
  A bloated husk (Swamp:1)
  A hornet (Swamp:1)
  A spriggan (Swamp:1)
  A swamp worm (Swamp:1)
  A swamp drake (Swamp:1)
  An orc wizard (Orc:2)
  2 orcs
  A bush (Lair:5)
  6 foxfires (Swamp:1)
  6 fungi
  20 plants
44 creatures vanquished.

Grand Total: 729 creatures vanquished

Notes
Turn   | Place    | Note
-------+----------+-------------------------------------------
     0 | D:1      | bmack86 the Minotaur Fighter began the quest for the Orb.
     0 | D:1      | Reached XP level 1. HP: 19/19 MP: 0/0
   167 | D:1      | Reached XP level 2. HP: 26/27 MP: 1/1
   333 | D:1      | Reached skill level 3 in Axes
   609 | D:1      | Reached XP level 3. HP: 33/33 MP: 2/2
  1079 | D:2      | Found the amulet of Elemental Vulnerability {rPois rF--
                  | rC-- AC+8}
  1341 | D:2      | Found Inor's Antique Weapon Emporium.
  1377 | D:3      | Noticed a water moccasin
  1393 | D:3      | Killed a water moccasin
  1394 | D:3      | Reached skill level 4 in Axes
  1394 | D:3      | Reached XP level 4. HP: 29/41 MP: 3/3
  1394 | D:3      | Reached XP level 5. HP: 34/47 MP: 4/4
  2084 | D:4      | Noticed a black bear
  2094 | D:4      | Killed a black bear
  2095 | D:4      | Reached skill level 5 in Axes
  2095 | D:4      | Reached skill level 1 in Throwing
  2095 | D:4      | Reached XP level 6. HP: 52/55 MP: 5/5
  2341 | D:4      | Reached skill level 5 in Fighting
  2341 | D:4      | Reached skill level 5 in Armour
  2341 | D:4      | Reached skill level 5 in Shields
  2433 | D:4      | Reached XP level 7. HP: 60/61 MP: 6/6
  2657 | D:5      | Entered Level 5 of the Dungeon
  2657 | D:5      | Found a staircase to the Ecumenical Temple.
  2675 | Temple   | Entered the Ecumenical Temple
  2682 | Temple   | Became a worshipper of Warmaster Okawaru
  2790 | D:5      | Reached skill level 6 in Axes
  2931 | D:5      | Reached * piety under Okawaru
  2949 | D:5      | Reached skill level 7 in Axes
  2949 | D:5      | Reached XP level 8. HP: 57/70 MP: 7/7
  3651 | D:6      | Reached ** piety under Okawaru
  3668 | D:6      | Reached skill level 8 in Axes
  3766 | D:6      | Noticed Pikel
  3778 | D:6      | Killed Pikel
  4075 | D:6      | Reached XP level 9. HP: 78/78 MP: 5/8
  4219 | D:6      | Noticed Eustachio
  4232 | D:6      | Killed Eustachio
  4236 | D:6      | Reached skill level 9 in Axes
  4357 | D:6      | Reached skill level 1 in Invocations
  5100 | D:8      | Reached *** piety under Okawaru
  5235 | D:8      | Reached skill level 10 in Axes
  5237 | D:8      | Reached skill level 5 in Throwing
  5242 | D:8      | Reached XP level 10. HP: 73/88 MP: 8/11
  5242 | D:8      | Found a staircase to the Lair.
  5249 | D:8      | Reached **** piety under Okawaru
  5637 | D:8      | Noticed Prince Ribbit
  5645 | D:8      | Killed Prince Ribbit
  5646 | D:8      | Reached skill level 11 in Axes
  5817 | D:9      | Received a gift from Okawaru
  5965 | D:9      | Noticed a rakshasa
  5967 | D:9      | Found a runed translucent gate.
  5967 | D:9      | Noticed Iich's ghost (novice MiFi)
  5969 | D:9      | Noticed a manticore
  5974 | D:9      | Found a runed translucent gate.
  5984 | D:9      | Found a runed translucent gate.
  6138 | D:9      | Received a gift from Okawaru
  6218 | D:9      | Noticed a two-headed ogre
  6230 | D:9      | Killed a two-headed ogre
  6230 | D:9      | Reached ***** piety under Okawaru
  6325 | D:9      | Reached skill level 12 in Axes
  6325 | D:9      | Reached XP level 11. HP: 92/97 MP: 5/13
  6339 | D:9      | Noticed a boulder beetle
  6370 | D:9      | Killed a boulder beetle
  6878 | D:9      | Reached skill level 5 in Invocations
  7175 | D:10     | Entered Level 10 of the Dungeon
  7246 | D:10     | Found a staircase to the Orcish Mines.
  8032 | D:10     | Found Ycidoul's Self-Improvement Boutique.
  8386 | Lair:1   | Entered Level 1 of the Lair of Beasts
  8535 | Lair:1   | Found a runed translucent door.
  8535 | Lair:1   | Noticed drugrobin's ghost (novice DgAr)
  8570 | Lair:1   | Killed drugrobin's ghost
  8571 | Lair:1   | Reached skill level 13 in Axes
  8579 | Lair:1   | Identified the +0 hat "Seureq" {Harm}
  8709 | Lair:1   | Received a gift from Okawaru
  8754 | Lair:1   | Reached skill level 10 in Fighting
  8754 | Lair:1   | Reached skill level 10 in Armour
  8754 | Lair:1   | Reached skill level 10 in Shields
  9039 | Lair:1   | Found the amulet of Vitality {RegenMP++ Regen++}
  9316 | Lair:2   | Reached XP level 12. HP: 65/106 MP: 15/15
  9345 | Lair:2   | Reached skill level 14 in Axes
  9356 | Lair:2   | Received a gift from Okawaru
  9490 | Lair:2   | Noticed a five-headed hydra
  9501 | Lair:2   | Killed a nine-headed hydra
 10017 | Lair:3   | Identified the +0 hat of Alegofest {Regen+ MP+9 Dex-2}
                  | (Okawaru gifted it to you on level 3 of the Lair of Beasts)
 10017 | Lair:3   | Received a gift from Okawaru
 10026 | Lair:3   | Reached skill level 15 in Axes
 10082 | Lair:3   | Noticed a seven-headed hydra
 10092 | Lair:3   | Killed a nine-headed hydra
 10104 | Lair:3   | Found a staircase to the Swamp.
 10169 | Lair:3   | Found a hole to the Spider Nest.
 10999 | Lair:4   | Noticed a six-headed hydra
 11012 | Lair:4   | Killed an 11-headed hydra
 11013 | Lair:4   | Reached XP level 13. HP: 78/116 MP: 17/17
 11222 | Lair:4   | Found a viscous altar of Jiyva.
 11222 | Lair:4   | Found a staircase to the Slime Pits.
 11803 | Lair:5   | Entered Level 5 of the Lair of Beasts
 11931 | Lair:5   | Reached skill level 16 in Axes
 11998 | Lair:5   | Received a gift from Okawaru
 12480 | Lair:5   | Got the Handbook of the Shifting Blaze
 12508 | Lair:5   | Reached skill level 17 in Axes
 12588 | Lair:5   | Reached XP level 14. HP: 50/127 MP: 19/19
 12589 | Lair:5   | Found a corrupted altar of Lugonu.
 12589 | Lair:5   | Found a one-way gate to the infinite horrors of the Abyss.
 12881 | Lair:5   | Received a gift from Okawaru
 13882 | D:11     | Noticed Psyche
 13900 | D:11     | Killed Psyche
 13992 | D:11     | Noticed Harold
 14011 | D:11     | Killed Harold
 14347 | D:12     | Found Tearupoz's Antique Weapon Boutique.
 14405 | D:12     | You fall into a shaft and drop 1 floor!
 15223 | D:9      | Noticed Grum
 15240 | D:9      | Killed Grum
 15240 | D:9      | Received a gift from Okawaru
 15241 | D:9      | Reached skill level 18 in Axes
 15436 | D:9      | Killed Iich's ghost
 15766 | D:13     | Found a gate to the Vaults.
 15812 | D:13     | Received a gift from Okawaru
 15812 | D:13     | Found the +3 Mad Mage's Maulers {Infuse+∞ RegenMP Int-3}
 15971 | D:13     | Noticed Frances
 15985 | D:13     | Killed Frances
 16431 | D:13     | Identified a scroll of acquirement
 16431 | D:13     | Acquired the +18 shield of the Gong {rElec rN+ Will+ EV-5}
 16431 | D:13     | Found the +18 shield of the Gong {rElec rN+ Will+ EV-5}
 16693 | D:14     | Reached XP level 15. HP: 79/139 MP: 20/20
 16808 | D:14     | Found Uzafu's Antique Weapon Emporium.
 16987 | D:14     | Found a stormy altar of Qazlal.
 17266 | D:15     | Entered Level 15 of the Dungeon
 17289 | D:15     | Gained mutation: Your magical capacity is low. (-10% MP) [a
                  | neqoxec]
 17299 | D:15     | Reached skill level 15 in Armour
 17304 | D:15     | Reached skill level 15 in Fighting
 17304 | D:15     | Reached skill level 15 in Shields
 17360 | D:15     | Received a gift from Okawaru
 17439 | D:15     | Found a staircase to the Depths.
 18435 | Orc:1    | Entered Level 1 of the Orcish Mines
 18681 | Orc:1    | You fall into a shaft and drop 1 floor!
 18681 | Orc:2    | Entered Level 2 of the Orcish Mines
 18705 | Orc:2    | Noticed Saint Roka
 18722 | Orc:2    | Noticed Maurice
 18741 | Orc:2    | Killed Saint Roka
 18756 | Orc:2    | Noticed Jorgrun
 18987 | Orc:2    | Killed Jorgrun
 19080 | Orc:2    | Killed Maurice
 19115 | Orc:2    | Received a gift from Okawaru
 19127 | Orc:2    | Found Haqukirchi's Jewellery Shop.
 19127 | Orc:2    | Noticed Urug
 19163 | Orc:2    | Killed Urug
 19164 | Orc:2    | Found Mouh's Antique Armour Shop.
 19209 | Orc:2    | Bought a ring of willpower for 350 gold pieces
 19224 | Orc:2    | Found Sastaawe's Antique Weapon Shop.
 19248 | Orc:2    | Found Rokh's General Store.
 19637 | Orc:2    | Found a staircase to the Elven Halls.
 20066 | Swamp:1  | Entered Level 1 of the Swamp
 20134 | Swamp:1  | HP: 4/144 [goliath frog[a spriggan druid] (18)]
 20134 | Swamp:1  | Splashed by a goliath frog's acid

Illustrated notes

Levels and vault maps discovered:
D:1:      eino_arrival_druids_welcome, layout_basic, minivault_4
D:2:      layout_rooms, serial_shops, shop
D:3:      layout_basic, minmay_misc_feat_five
D:4:      layout_rooms, minmay_misc_feat_four_crosses,
          nicolae_kite_square_tiling_tiny
D:5:      layout_cave_pods, minmay_temple_entry_proselytizer,
          minmay_misc_feat_more_columns
D:6:      layout_basic, minmay_fractal_squares_gapless_5, uniq_eustachio,
          uniq_pikel
D:7:      layout_cave_pools
D:8:      minmay_spotlight, layout_gridville,
          chequers_temple_overflow_minitemple, minmay_lair_entry_grove,
          uniq_prince_ribbit1
D:9:      nzn_winding_woodlands_cross [nzn_winding_woodlands_5x15_garden,
          nzn_winding_woodlands_5x15_eye,
          nzn_winding_woodlands_5x15_pathside_ponds,
          nzn_winding_woodlands_5x15_longhouse,
          nzn_winding_woodlands_15x15_boxy_spiral], layout_loops_cross,
          gammafunk_ghost_split, uniq_grum
D:10:     layout_gridville, hiddenorc2_lemuel, nicolae_shop_self_help
D:11:     layout_small_grid, uniq_harold, uniq_psyche
D:12:     layout_irregular_city, serial_shops, shop
D:13:     layout_irregular_city, erik_vaults_2, uniq_frances
D:14:     layout_roguey [special_room_mythical_zoo], serial_shops, shop,
          nicolae_qazlal_general_emergency
D:15:     hangedman_depths_entry_civil_slaughter, layout_basic,
          grunt_ministairs_11
Temple:   compressed_dpeg_triangle_lava_temple
Lair:1:   layout_roguey, ebering_ghost_inner_flame, grunt_megastairs_3
Lair:2:   layout_misc_corridors
Lair:3:   layout_roguey, minmay_swamp_entry_swarm, spider_nest_entry_a
Lair:4:   layout_cave_pods, minmay_slime_entry_pillars,
          nicolae_quartered_pool_super, grunt_megastairs_5, serial_bayou_shore_b
Lair:5:   hellmonk_lair_end_abyssal_woods, layout_regular_city
Swamp:1:  layout_basic_swamp, evilmike_swamp_ruin_house_1
Orc:1:    layout_caves
Orc:2:    grunt_orc_cross, layout_caves, uniq_urug, uniq_jorgrun, uniq_maurice

Skill      XL: |  1  2  3  4  5  6  7  8  9 10 11 12 13 14 15 |
---------------+----------------------------------------------+-----
Axes           | 3 4 5 7 8 10 12 13 15 17 18 | 18.0
Shields        | 4 5 6 7 9 10 11 12 14 16 | 16.2
Armour         | 4 5 6 7 9 10 11 12 14 16 | 16.3
Fighting       | 4 5 6 7 9 10 11 12 14 16 | 16.3
Throwing       | 1 2 4 5 |  5.0
Invocations    | 2 4 6 7 8 |  8.0

Action                   |  1- 3 |  4- 6 |  7- 9 | 10-12 | 13-15 || total
-------------------------+-------+-------+-------+-------+-------++-------
Melee: War axe           |    68 |    88 |   202 |   333 |       ||   691
       Headbutt          |     9 |    13 |    49 |   157 |   235 ||   463
       Broad axe         |       |       |       |   311 |  1030 ||  1341
Throw: Boomerang         |       |     1 |     5 |       |       ||     6
       Javelin           |       |       |       |     4 |     9 ||    13
Invok: Heroism           |       |       |    11 |    26 |    39 ||    76
       Finesse           |       |       |       |    10 |    21 ||    31
  Use: Scroll            |     1 |     4 |     6 |    11 |    14 ||    36
       Potion            |       |       |       |     1 |     7 ||     8
 Stab: Confused          |       |       |       |       |     1 ||     1
Armor: Scale mail        |    28 |       |       |       |       ||    28
       Plate armour      |    24 |    71 |   155 |   429 |   574 ||  1253
Dodge: Dodged            |    41 |    68 |   121 |   316 |   334 ||   880
Block: Buckler           |    16 |    24 |    84 |   208 |   222 ||   554
       Kite shield       |       |       |       |       |   615 ||   615
       Tower shield      |       |       |       |       |    60 ||    60

Table legend: (Time is in decaauts)
 A = Elapsed time spent in this place.
 B = Non-inter-level travel time spent in this place.
 C = Inter-level travel time spent in this place.
 D = Time resting spent in this place.
 E = Time spent auto-exploring this place.
 F = Levels seen in this place.
 G = Mean time per level.
                   A        B        C        D        E       F      G
               +--------+--------+--------+--------+--------+-----+--------+
         Total |  19646 |  18279 |   1367 |    419 |  10051 |  24 |  818.6 |
       Dungeon |  13427 |  12366 |   1061 |    346 |   6873 |  15 |  895.1 |
        Temple |     14 |     14 |      0 |      0 |      0 |   1 |   14.0 |
          Lair |   4905 |   4628 |    277 |     39 |   2644 |   5 |  981.0 |
         Swamp |     57 |     57 |      0 |      7 |      0 |   1 |   57.0 |
  Orcish Mines |   1241 |   1213 |     28 |     27 |    534 |   2 |  620.5 |
               +--------+--------+--------+--------+--------+-----+--------+

Top non-repeatable levels by time:
     D:9: 1670 daAuts
  Lair:5: 1401 daAuts
    D:10: 1237 daAuts
  Lair:3: 1023 daAuts
     D:8: 979 daAuts
     D:5: 970 daAuts
  Lair:4: 965 daAuts
    D:13: 943 daAuts
  Lair:1: 929 daAuts
    D:12: 913 daAuts
    D:14: 899 daAuts
     D:1: 876 daAuts
    D:11: 875 daAuts
     D:6: 856 daAuts
    D:15: 847 daAuts
